 Dungeon Crawl Stone Soup version 0.28.0 (webtiles) character file.

Game seed: 2463339561647837269

121 Kold the Slasher (level 4, 0/37 HPs)
             Began as a Minotaur Gladiator on Feb 9, 2022.
             Slain by a kobold (2 damage)
             ... on level 3 of the Dungeon.
             The game lasted 00:02:33 (2306 turns).

Kold the Slasher (Minotaur Gladiator)               Turns: 2306, Time: 00:02:34

Health: 0/37       AC:  3    Str: 18    XL:     4   Next: 77%
Magic:  3/3        EV: 13    Int:  5    God:
Gold:   89         SH:  0    Dex: 14    Spells: 3/3 levels left

rFire   . . .      SeeInvis .   a - +0 long sword
rCold   . . .      Faith    .   (no shield)
rNeg    . . .      Spirit   .   b - +0 leather armour
rPois   .          Reflect  .   c - +0 hat
rElec   .          Harm     .   (no cloak)
rCorr   .          Rampage  .   (no gloves)
Will    .....                   (no boots)
Stlth   +.........              (no amulet)
HPRegen 0.12/turn               (no ring)
MPRegen 0.08/turn               (no ring)

@: hasted, very quick
A: horns 2, retaliatory headbutt
a: no special abilities


You were on level 3 of the Dungeon.
You visited 1 branch of the dungeon, and saw 3 of its levels.

You collected 89 gold pieces.

Inventory:

Hand Weapons
 a - a +0 long sword (weapon)
Missiles
 l - 2 throwing nets (quivered)
Armour
 b - a +0 leather armour (worn)
 c - a +0 hat (worn)
Scrolls
 d - a scroll of amnesia {unknown}
 h - a scroll of fear {unknown}
 j - 2 scrolls of identify {unknown}
 k - a scroll of enchant weapon {unknown}
Potions
 e - a potion of cancellation {unknown}
 f - a potion of magic {unknown}
 g - a potion of curing {unknown}
 i - a potion of haste
 m - a potion of heal wounds {unknown}


   Skills:
 - Level 2.4 Fighting
 * Level 6.2 Long Blades
 - Level 2.0 Throwing
 - Level 4.0 Dodging


You had 3 spell levels left.
You didn't know any spells.
Your spell library contained the following spells:

 Spells                   Type           Power      Damage    Failure   Level
 Scorch                   Fire           0%         2d5       67%         2
 Summon Guardian Golem    Hex/Summ       0%         N/A       88%         3
 Flame Wave               Conj/Fire      0%         2d4       99%         4
 Summon Cactus Giant      Summ           0%         N/A       100%        6
 Orb of Destruction       Conj           0%         9d5       100%        7
 Spellforged Servitor     Conj/Summ      0%         N/A       100%        7


Dungeon Overview and Level Annotations

Branches:
Dungeon (3/15)

Altars:
Hepliaklqana
Sif Muna


Innate Abilities, Weirdness & Mutations

You have a pair of horns on your head.
You reflexively headbutt those who attack you in melee.


Message History

Unknown command.
The kobold hits you with a +0 short sword.
An orc wizard comes into view. It is wielding a +0 dagger.
You slash the orc!
You kill the orc!
The kobold hits you but does no damage.
The orc priest looks satisfied for a moment.
The kobold misses you. You furiously retaliate!
You headbutt the kobold, but do no damage.
The orc wizard closely misses you. The orc priest closely misses you.
You see here a +0 dagger.
You hit the orc priest. Your headbutt misses the orc priest.
The orc priest is moderately wounded.
The kobold completely misses you.
The orc wizard hits you with a +0 dagger.
The orc priest hits you with a +0 short sword.
The orc hits you with a +0 flail.
You hit the orc priest but do no damage.
You headbutt the orc priest.
The orc priest is severely wounded.
The kobold hits you with a +0 short sword.
The orc wizard hits you but does no damage.
The orc priest miscasts a cantrip.
The orc closely misses you.
The kobold hits you with a +0 short sword.
You slash the orc priest!
You kill the orc priest!
The orc wizard hits you with a +0 dagger.
* * * LOW HITPOINT WARNING * * *
The orc barely misses you. The kobold hits you but does no damage.
The orc wizard casts a spell at you. You resist with some effort.
Your Long Blades skill increases to level 6!
Okay, then.
It was a potion of haste.
You feel yourself speed up. The endoplasm hits you.
* * * LOW HITPOINT WARNING * * *
The orc hits you with a +0 flail!
* * * LOW HITPOINT WARNING * * *
The kobold hits you with a +0 short sword.
You die...

#.....# ....... .......
....... #......
######### .......
........### ......o####
#######....
......J@..#####.........
#.....#Ko.......########
.........†############
..######..# ##...## .
#..# ##.....## #...
#.......# ..#.#
#.......#
...#..####(......# .#.
......#...†.##


You could see an orc wizard, an orc, an endoplasm and a kobold.

Vanquished Creatures
  An orc priest (D:3)
  A gnoll (D:1)
  2 adders (D:2)
  2 worms
  A dart slug (D:1)
  3 orcs (D:3)
  3 ball pythons
  5 bats
  5 endoplasms
  2 giant cockroaches
  3 goblins
  2 hobgoblins
  6 kobolds
  7 quokkas
  6 rats
49 creatures vanquished.

Notes
Turn   | Place    | Note
-------+----------+-------------------------------------------
     0 | D:1      | Kold the Minotaur Gladiator began the quest for the Orb.
     0 | D:1      | Reached XP level 1. HP: 18/18 MP: 0/0
   107 | D:1      | Reached skill level 4 in Long Blades
   151 | D:1      | Reached XP level 2. HP: 22/25 MP: 1/1
   829 | D:1      | Reached XP level 3. HP: 29/30 MP: 2/2
  1238 | D:2      | Reached skill level 5 in Long Blades
  1314 | D:2      | Found a hazy altar of Hepliaklqana.
  1617 | D:2      | Reached XP level 4. HP: 37/37 MP: 3/3
  1801 | D:3      | Found a faded altar of an unknown god.
  2260 | D:3      | Found a shimmering blue altar of Sif Muna.
  2306 | D:3      | Reached skill level 6 in Long Blades
  2306 | D:3      | Slain by a kobold

Illustrated notes

Levels and vault maps discovered:
D:1:      denvon_arrival_planthouse, layout_rooms, serial_corexii_hall,
          corexii_hall_statues_deadend, corexii_hall_statues_x,
          corexii_hall_statues_i, chequers_hall_statues_wall_a,
          chequers_serial_rivers_room_a
D:2:      layout_loops_cross, basic_altar, palyth_stone_intersect
D:3:      layout_rooms, led_sif_pool, shapermc_ecumenical_altar_ellora

Skill      XL: |  1  2  3  4 |
---------------+-------------+-----
Long Blades    | 4 5 6 |  6.2
Dodging        | 4 |  4.0
Fighting       | |  2.4
Throwing       | |  2.0

Action                   |  1- 3 |  4- 6 || total
-------------------------+-------+-------++-------
Melee: Long sword        |    70 |    24 ||    94
       Headbutt          |    11 |     4 ||    15
       Punch             |     1 |       ||     1
Throw: Throwing net      |       |     3 ||     3
  Use: Potion            |       |     1 ||     1
 Stab: Sleeping          |     1 |       ||     1
Armor: Leather armour    |    12 |     3 ||    15
Dodge: Dodged            |    46 |    20 ||    66
